[ AOE2 MATCH · #462492448 ]
UnrankedBritons vs Malians
[ REPLAY ANALYSIS · EXTRACTED FROM THE RECORDED GAME ]
Feudal
7:43
Castle
13:24
Imperial
44:52
| APM avg | 20.1 |
| APM peak | 120 |
| eAPM avg | 15.9 |
| Villagers / military | 156 / 2310 |
Focus
⚔️ 50.3% · 🌾 49.7%
Spearman ×1783 · Longbowman ×517 · Trade Cart ×66 · Trebuchet (Packed) ×10
Feudal
7:13
Castle
13:12
Imperial
28:11
| APM avg | 56.0 |
| APM peak | 135 |
| eAPM avg | 35.0 |
| Villagers / military | 447 / 2505 |
Focus
⚔️ 48.9% · 🌾 51.1%
Skirmisher ×623 · Spearman ×465 · Archer ×391 · Scout Cavalry ×389 · Militia ×371 · Fire Lancer ×102
Feudal
8:18
Castle
12:47
Imperial
32:01
| APM avg | 35.6 |
| APM peak | 79 |
| eAPM avg | 17.3 |
| Villagers / military | 199 / 1597 |
Focus
⚔️ 50.0% · 🌾 50.0%
Scout Cavalry ×571 · Militia ×525 · Spearman ×307 · Gbeto ×188 · Trade Cart ×28 · Trebuchet (Packed) ×4
Feudal
8:29
Castle
12:09
Imperial
24:43
| APM avg | 32.7 |
| APM peak | 78 |
| eAPM avg | 18.2 |
| Villagers / military | 126 / 1928 |
Focus
⚔️ 42.4% · 🌾 57.6%
Scout Cavalry ×1005 · Spearman ×615 · Ballista Elephant ×287 · Trade Cart ×19 · Knight ×10 · Trebuchet (Packed) ×7
Feudal
7:36
Castle
11:29
Imperial
36:32
| APM avg | 41.3 |
| APM peak | 112 |
| eAPM avg | 30.8 |
| Villagers / military | 159 / 2237 |
Focus
⚔️ 74.5% · 🌾 25.5%
Scout Cavalry ×1383 · Camel Archer ×408 · Knight ×299 · Genitour ×131 · Trade Cart ×74 · Bombard Cannon ×8
Feudal
8:03
Castle
11:52
Imperial
32:57
| APM avg | 32.3 |
| APM peak | 68 |
| eAPM avg | 19.1 |
| Villagers / military | 205 / 2201 |
Focus
⚔️ 55.7% · 🌾 44.3%
Skirmisher ×796 · Spearman ×635 · Scout Cavalry ×624 · War Wagon ×124 · Trade Cart ×30 · Archer ×15
Match map
Initial resources + every placement click. Lines = walls · curves = elevation contours. ◆ gold · ⬟ stone · ● berries · ✦ relic · ◌ wall gap
Inputs per minute
— Prutser - - Dvakin
Build order — Prutser
First 150 of 904 actions detected
| 0:16 | Build | Lumber Camp |
| 0:19 | Create | Villager (Male) |
| 0:19 | Create | Villager (Male) |
| 0:27 | Create | Villager (Male) |
| 0:35 | Build | Outpost |
| 1:12 | Create | Villager (Male) |
| 1:13 | Create | Villager (Male) |
| 1:22 | Build | Mill |
| 1:37 | Create | Villager (Male) |
| 2:03 | Create | Villager (Male) |
| 3:22 | Create | Villager (Male) |
| 3:23 | Create | Villager (Male) |
| 3:50 | Create | Villager (Male) |
| 4:35 | Create | Villager (Male) |
| 5:33 | Research | Feudal Age |
| 5:43 | Create | Villager (Male) |
| 6:46 | Build | Farm |
| 6:51 | Build | Farm |
| 7:03 | Build | Farm |
| 7:07 | Build | Farm |
| 7:14 | Build | Farm |
| 7:26 | Build | Farm |
| 7:31 | Build | Farm |
| 7:38 | Create | Villager (Male) |
| 7:38 | Create | Villager (Male) |
| 7:43 | Age | Feudal Age |
| 7:46 | Build | Market |
| 9:05 | Build | Farm |
| 9:15 | Build | Farm |
| 9:27 | Create | Villager (Male) |
| 9:27 | Create | Villager (Male) |
| 9:43 | Create | Villager (Male) |
| 10:13 | Build | Blacksmith |
| 10:29 | Build | Farm |
| 10:31 | Create | Villager (Male) |
| 10:44 | Research | Castle Age |
| 10:44 | Research | Castle Age |
| 10:44 | Research | Castle Age |
| 10:52 | Build | Farm |
| 11:25 | Build | Mining Camp |
| 11:56 | Build | Lumber Camp |
| 12:35 | Research | Double-Bit Axe |
| 12:39 | Research | Horse Collar |
| 13:24 | Age | Castle Age |
| 13:41 | Build | Town Center |
| 13:45 | Create | Villager (Male) |
| 13:45 | Create | Villager (Male) |
| 13:47 | Create | Villager (Male) |
| 14:39 | Build | Town Center |
| 15:06 | Create | Villager (Male) |
| 15:06 | Create | Villager (Male) |
| 15:07 | Create | Villager (Male) |
| 15:18 | Create | Longbowman |
| 15:18 | Create | Longbowman |
| 15:31 | Create | Villager (Male) |
| 15:31 | Create | Villager (Male) |
| 15:31 | Create | Villager (Male) |
| 15:32 | Create | Villager (Male) |
| 15:55 | Create | Longbowman |
| 15:55 | Create | Longbowman |
| 16:13 | Create | Spearman |
| 16:13 | Create | Spearman |
| 16:13 | Create | Spearman |
| 16:13 | Create | Spearman |
| 16:39 | Build | Barracks |
| 16:53 | Create | Longbowman |
| 16:53 | Create | Longbowman |
| 16:53 | Create | Longbowman |
| 17:11 | Build | House |
| 18:22 | Create | Longbowman |
| 18:22 | Create | Longbowman |
| 18:23 | Create | Longbowman |
| 18:29 | Research | Padded Archer Armor |
| 18:30 | Research | Fletching |
| 18:55 | Build | University |
| 19:12 | Research | Bow Saw |
| 19:17 | Create | Villager (Male) |
| 19:17 | Create | Villager (Male) |
| 19:18 | Create | Villager (Male) |
| 19:29 | Build | Farm |
| 19:32 | Build | Farm |
| 19:48 | Create | Longbowman |
| 19:48 | Create | Longbowman |
| 20:11 | Research | Ballistics |
| 20:30 | Create | Spearman ×5 |
| 20:31 | Create | Spearman ×5 |
| 20:31 | Create | Spearman ×5 |
| 20:31 | Create | Spearman ×5 |
| 20:37 | Create | Spearman |
| 20:37 | Create | Spearman |
| 20:37 | Create | Spearman |
| 20:37 | Create | Spearman |
| 21:39 | Create | Longbowman |
| 21:39 | Create | Longbowman |
| 21:39 | Create | Longbowman |
| 21:39 | Create | Longbowman |
| 25:13 | Research | Leather Archer Armor |
| 25:35 | Build | Farm |
| 25:37 | Create | Villager (Male) |
| 25:38 | Create | Villager (Male) |
| 25:38 | Create | Villager (Male) |
| 25:52 | Create | Villager (Male) |
| 25:52 | Create | Villager (Male) |
| 25:53 | Create | Villager (Male) |
| 25:53 | Create | Villager (Male) |
| 25:55 | Create | Villager (Male) |
| 25:55 | Create | Villager (Male) |
| 25:55 | Create | Villager (Male) |
| 26:03 | Build | House |
| 26:04 | Build | House |
| 26:05 | Build | House |
| 26:06 | Build | House |
| 27:15 | Build | Barracks |
| 27:33 | Build | Barracks |
| 27:49 | Create | Villager (Male) |
| 27:49 | Create | Villager (Male) |
| 27:49 | Create | Villager (Male) |
| 27:50 | Create | Villager (Male) |
| 27:50 | Create | Villager (Male) |
| 27:50 | Create | Villager (Male) |
| 28:11 | Build | Farm |
| 28:12 | Build | Farm |
| 28:21 | Build | Farm |
| 28:43 | Create | Villager (Male) |
| 28:43 | Create | Villager (Male) |
| 28:43 | Create | Villager (Male) |
| 28:44 | Create | Villager (Male) |
| 28:44 | Create | Villager (Male) |
| 28:48 | Create | Villager (Male) |
| 28:48 | Create | Villager (Male) |
| 28:48 | Create | Villager (Male) |
| 28:49 | Create | Villager (Male) |
| 28:49 | Create | Villager (Male) |
| 28:49 | Create | Villager (Male) |
| 28:49 | Create | Villager (Male) |
| 28:50 | Create | Villager (Male) |
| 28:50 | Create | Villager (Male) |
| 28:50 | Create | Villager (Male) |
| 28:50 | Create | Villager (Male) |
| 28:50 | Create | Villager (Male) |
| 29:16 | Build | Farm |
| 29:23 | Build | House |
| 29:26 | Build | House |
| 29:27 | Build | House |
| 29:51 | Build | House |
| 29:52 | Build | House |
| 29:53 | Build | House |
| 30:05 | Build | House |
| 30:41 | Create | Villager (Male) |
| 30:41 | Create | Villager (Male) |
Build order — Dvakin
First 150 of 1544 actions detected
| 0:02 | Create | Villager (Male) |
| 0:03 | Create | Villager (Male) |
| 0:06 | Build | Lumber Camp |
| 0:07 | Create | Villager (Male) |
| 0:14 | Create | Villager (Male) |
| 0:26 | Build | Mill |
| 1:26 | Create | Villager (Male) |
| 2:05 | Create | Villager (Male) |
| 2:23 | Create | Villager (Male) |
| 2:33 | Research | Loom |
| 2:46 | Create | Villager (Male) |
| 3:04 | Create | Villager (Male) |
| 3:08 | Create | Villager (Male) |
| 3:25 | Create | Villager (Male) |
| 4:34 | Create | Villager (Male) |
| 4:41 | Build | Mining Camp |
| 4:56 | Research | Feudal Age |
| 5:09 | Create | Villager (Male) |
| 5:13 | Build | Lumber Camp |
| 5:14 | Create | Villager (Male) |
| 5:24 | Build | Farm |
| 5:25 | Create | Villager (Male) |
| 7:04 | Build | Farm |
| 7:13 | Age | Feudal Age |
| 7:17 | Research | Double-Bit Axe |
| 7:18 | Research | Horse Collar |
| 7:28 | Build | Market |
| 7:41 | Build | Farm |
| 8:11 | Create | Villager (Male) |
| 8:22 | Create | Villager (Male) |
| 8:34 | Build | Farm |
| 8:58 | Create | Villager (Male) |
| 9:15 | Build | Blacksmith |
| 9:21 | Create | Villager (Male) |
| 9:24 | Build | Farm |
| 9:42 | Build | Farm |
| 9:53 | Create | Villager (Male) |
| 10:06 | Build | Farm |
| 10:22 | Build | Farm |
| 10:24 | Build | Farm |
| 10:32 | Research | Castle Age |
| 11:47 | Research | Gold Mining |
| 12:11 | Create | Villager (Male) |
| 12:11 | Create | Villager (Male) |
| 13:12 | Age | Castle Age |
| 13:16 | Build | Town Center |
| 13:20 | Build | Town Center |
| 13:32 | Create | Rattan Archer |
| 13:50 | Create | Villager (Male) |
| 13:56 | Research | Bow Saw |
| 14:00 | Research | Heavy Plow |
| 14:07 | Create | Rattan Archer |
| 14:15 | Create | Villager (Male) |
| 14:37 | Create | Villager (Male) |
| 14:43 | Create | Rattan Archer |
| 15:00 | Create | Villager (Male) |
| 15:05 | Create | Villager (Male) |
| 15:06 | Create | Villager (Male) |
| 15:18 | Build | Farm |
| 15:21 | Build | Farm |
| 15:21 | Create | Villager (Male) |
| 15:23 | Create | Rattan Archer |
| 15:37 | Create | Villager (Male) |
| 15:40 | Create | Villager (Male) |
| 15:40 | Create | Villager (Male) |
| 15:43 | Build | Farm |
| 15:46 | Build | Farm |
| 15:49 | Create | Villager (Male) |
| 15:53 | Create | Rattan Archer |
| 16:00 | Create | Villager (Male) |
| 16:06 | Build | Farm |
| 16:07 | Create | Villager (Male) |
| 16:09 | Build | Farm |
| 16:10 | Create | Villager (Male) |
| 16:13 | Create | Rattan Archer |
| 16:17 | Create | Villager (Male) |
| 16:21 | Build | Farm |
| 16:21 | Build | Farm |
| 16:37 | Create | Villager (Male) |
| 16:39 | Research | Wheelbarrow |
| 16:43 | Create | Rattan Archer |
| 16:44 | Create | Villager (Male) |
| 17:05 | Create | Villager (Male) |
| 17:10 | Create | Rattan Archer |
| 17:10 | Create | Rattan Archer |
| 17:10 | Create | Rattan Archer |
| 17:11 | Create | Villager (Male) |
| 17:16 | Build | House |
| 17:17 | Build | House |
| 17:31 | Create | Villager (Male) |
| 17:46 | Research | Hand Cart |
| 17:48 | Create | Villager (Male) |
| 17:51 | Create | Rattan Archer |
| 17:57 | Research | Fletching |
| 17:59 | Create | Villager (Male) |
| 18:03 | Create | Villager (Male) |
| 18:08 | Build | University |
| 18:16 | Build | Monastery |
| 18:19 | Create | Villager (Male) |
| 18:23 | Build | House |
| 18:23 | Build | House |
| 18:24 | Create | Villager (Male) |
| 18:34 | Create | Villager (Male) |
| 18:37 | Create | Rattan Archer |
| 18:47 | Create | Villager (Male) |
| 18:55 | Research | Bodkin Arrow |
| 18:55 | Create | Villager (Male) |
| 19:04 | Create | Villager (Male) |
| 19:11 | Build | Mining Camp |
| 19:14 | Create | Villager (Male) |
| 19:28 | Create | Villager (Male) |
| 19:33 | Create | Villager (Male) |
| 19:40 | Build | Mining Camp |
| 19:49 | Create | Villager (Male) |
| 19:52 | Create | Rattan Archer |
| 20:05 | Create | Villager (Male) |
| 20:10 | Create | Villager (Male) |
| 20:21 | Build | Farm |
| 20:21 | Build | Farm |
| 20:21 | Build | Farm |
| 20:22 | Build | Farm |
| 20:22 | Build | Farm |
| 20:22 | Build | Farm |
| 20:22 | Build | Farm |
| 20:23 | Build | Farm |
| 20:23 | Build | Farm |
| 20:23 | Build | Farm |
| 20:26 | Create | Villager (Male) |
| 20:31 | Create | Rattan Archer |
| 20:32 | Create | Rattan Archer |
| 20:34 | Create | Villager (Male) |
| 20:36 | Build | House |
| 20:37 | Build | House |
| 20:40 | Create | Villager (Male) |
| 20:46 | Build | House |
| 20:52 | Create | Villager (Male) |
| 20:55 | Research | Town Watch |
| 21:00 | Create | Villager (Male) |
| 21:01 | Create | Villager (Male) |
| 21:06 | Research | Ballistics |
| 21:12 | Research | Padded Archer Armor |
| 21:13 | Create | Villager (Male) |
| 21:19 | Create | Villager (Male) |
| 21:28 | Create | Petard |
| 21:29 | Create | Petard |
| 21:31 | Create | Villager (Male) |
| 21:34 | Build | House |
| 21:36 | Build | House |
| 21:39 | Build | House |
| 21:41 | Build | House |
Build order — HAHAHA
First 150 of 1200 actions detected
| 0:11 | Create | Villager (Male) |
| 0:12 | Create | Villager (Male) |
| 0:12 | Create | Villager (Male) |
| 0:12 | Create | Villager (Male) |
| 0:12 | Create | Villager (Male) |
| 0:19 | Build | Lumber Camp |
| 2:03 | Create | Villager (Male) |
| 2:04 | Create | Villager (Male) |
| 2:04 | Create | Villager (Male) |
| 2:04 | Create | Villager (Male) |
| 2:56 | Build | Mill |
| 3:31 | Create | Villager (Male) |
| 3:31 | Create | Villager (Male) |
| 3:31 | Create | Villager (Male) |
| 3:31 | Create | Villager (Male) |
| 4:21 | Build | Farm |
| 4:23 | Build | Farm |
| 4:25 | Build | Farm |
| 4:35 | Create | Villager (Male) |
| 4:37 | Build | Farm |
| 4:39 | Create | Villager (Male) |
| 4:49 | Build | Farm |
| 4:56 | Build | Farm |
| 5:43 | Create | Villager (Male) |
| 6:03 | Research | Feudal Age |
| 6:21 | Create | Villager (Male) |
| 7:10 | Build | Mining Camp |
| 8:18 | Age | Feudal Age |
| 8:19 | Create | Villager (Male) |
| 8:24 | Build | Blacksmith |
| 8:29 | Build | Stable |
| 8:33 | Create | Villager (Male) |
| 8:43 | Research | Double-Bit Axe |
| 9:39 | Create | Villager (Male) |
| 9:46 | Build | Farm |
| 10:07 | Research | Castle Age |
| 10:07 | Research | Castle Age |
| 10:16 | Build | Mining Camp |
| 11:25 | Research | Horse Collar |
| 11:30 | Research | Gold Mining |
| 12:47 | Age | Castle Age |
| 12:48 | Create | Gbeto |
| 12:49 | Create | Gbeto |
| 12:50 | Create | Gbeto |
| 12:50 | Create | Gbeto |
| 12:51 | Create | Gbeto |
| 12:54 | Create | Villager (Male) |
| 12:59 | Build | Town Center |
| 13:10 | Build | Town Center |
| 13:57 | Research | Forging |
| 14:03 | Research | Squires |
| 14:07 | Create | Gbeto |
| 14:11 | Build | Farm |
| 14:14 | Create | Villager (Male) |
| 14:15 | Create | Villager (Male) |
| 14:16 | Create | Villager (Male) |
| 15:22 | Create | Villager (Male) |
| 15:22 | Create | Villager (Male) |
| 15:22 | Create | Villager (Male) |
| 15:23 | Create | Villager (Male) |
| 16:02 | Build | Farm |
| 16:02 | Build | Farm |
| 16:03 | Build | Farm |
| 16:03 | Build | Farm |
| 16:18 | Build | Farm |
| 16:35 | Create | Villager (Male) |
| 16:35 | Create | Villager (Male) |
| 16:36 | Create | Villager (Male) |
| 16:36 | Create | Villager (Male) |
| 16:39 | Build | Farm |
| 16:57 | Create | Gbeto |
| 16:57 | Create | Gbeto |
| 16:58 | Create | Gbeto |
| 16:58 | Create | Gbeto |
| 16:58 | Create | Gbeto |
| 17:07 | Build | Farm |
| 17:40 | Research | Arson |
| 18:05 | Build | Farm |
| 18:06 | Create | Villager (Male) |
| 18:07 | Create | Villager (Male) |
| 18:07 | Create | Villager (Male) |
| 18:07 | Create | Villager (Male) |
| 18:08 | Create | Villager (Male) |
| 18:15 | Build | Farm |
| 18:18 | Build | Farm |
| 18:19 | Build | Farm |
| 18:19 | Build | Farm |
| 18:39 | Build | House |
| 18:40 | Build | House |
| 18:40 | Build | House |
| 18:42 | Build | House |
| 18:42 | Build | House |
| 18:43 | Build | House |
| 18:48 | Build | House |
| 18:48 | Build | House |
| 18:48 | Build | House |
| 18:49 | Build | House |
| 18:49 | Build | House |
| 18:49 | Build | House |
| 18:50 | Build | House |
| 18:50 | Build | House |
| 18:50 | Build | House |
| 18:51 | Build | House |
| 18:51 | Build | House |
| 18:51 | Build | House |
| 18:51 | Build | House |
| 18:52 | Build | House |
| 18:52 | Build | House |
| 18:52 | Build | House |
| 19:07 | Build | Farm |
| 19:45 | Create | Villager (Male) |
| 19:46 | Create | Villager (Male) |
| 19:46 | Create | Villager (Male) |
| 20:25 | Create | Villager (Male) |
| 20:26 | Create | Villager (Male) |
| 20:26 | Create | Villager (Male) |
| 20:26 | Create | Villager (Male) |
| 20:26 | Create | Villager (Male) |
| 20:26 | Create | Villager (Male) |
| 20:27 | Create | Villager (Male) |
| 20:29 | Build | Farm |
| 21:10 | Create | Gbeto |
| 21:10 | Create | Gbeto |
| 21:10 | Create | Gbeto |
| 21:11 | Create | Gbeto |
| 21:11 | Create | Gbeto |
| 21:11 | Create | Gbeto |
| 21:11 | Create | Gbeto |
| 21:14 | Build | Farm |
| 21:16 | Build | Farm |
| 21:17 | Create | Villager (Male) |
| 21:18 | Create | Villager (Male) |
| 21:18 | Create | Villager (Male) |
| 21:18 | Create | Villager (Male) |
| 21:18 | Create | Villager (Male) |
| 21:19 | Create | Villager (Male) |
| 21:19 | Create | Villager (Male) |
| 21:58 | Create | Villager (Male) |
| 21:58 | Create | Villager (Male) |
| 21:58 | Create | Villager (Male) |
| 21:59 | Create | Villager (Male) |
| 21:59 | Create | Villager (Male) |
| 21:59 | Create | Villager (Male) |
| 22:01 | Build | Farm |
| 22:02 | Build | Farm |
| 22:02 | Build | Farm |
| 22:02 | Build | Farm |
| 22:02 | Build | Farm |
| 22:02 | Build | Farm |
| 22:03 | Build | Farm |
Build order — 請給我木材
First 150 of 813 actions detected
| 0:13 | Build | Lumber Camp |
| 0:28 | Create | Villager (Male) |
| 0:29 | Create | Villager (Male) |
| 0:31 | Create | Villager (Male) |
| 0:32 | Create | Villager (Male) |
| 1:17 | Create | Villager (Male) |
| 1:27 | Create | Villager (Male) |
| 2:02 | Create | Villager (Male) |
| 2:02 | Create | Villager (Male) |
| 2:29 | Create | Villager (Male) |
| 2:41 | Create | Villager (Male) |
| 2:45 | Create | Villager (Male) |
| 3:13 | Create | Villager (Male) |
| 3:20 | Create | Villager (Male) |
| 3:45 | Create | Villager (Male) |
| 3:45 | Create | Villager (Male) |
| 4:14 | Create | Villager (Male) |
| 4:48 | Build | Mining Camp |
| 5:31 | Build | Farm |
| 5:54 | Build | Mill |
| 6:01 | Research | Feudal Age |
| 7:36 | Build | Farm |
| 8:27 | Build | Farm |
| 8:29 | Age | Feudal Age |
| 8:57 | Build | Farm |
| 8:57 | Build | Farm |
| 8:57 | Build | Farm |
| 9:29 | Research | Castle Age |
| 10:58 | Build | Farm |
| 11:13 | Build | Farm |
| 11:21 | Research | Horse Collar |
| 12:09 | Age | Castle Age |
| 12:13 | Build | Monastery |
| 12:23 | Build | Town Center |
| 12:29 | Create | Villager (Male) |
| 12:29 | Create | Villager (Male) |
| 12:29 | Create | Villager (Male) |
| 12:30 | Create | Villager (Male) |
| 12:42 | Create | Villager (Male) |
| 12:56 | Create | Monk |
| 13:49 | Create | Villager (Male) |
| 13:57 | Create | Villager (Male) |
| 13:58 | Create | Villager (Male) |
| 13:58 | Create | Villager (Male) |
| 13:58 | Create | Villager (Male) |
| 13:59 | Create | Villager (Male) |
| 13:59 | Create | Villager (Male) |
| 13:59 | Create | Villager (Male) |
| 14:00 | Create | Villager (Male) |
| 14:00 | Create | Villager (Male) |
| 14:01 | Create | Villager (Male) |
| 14:12 | Create | Monk |
| 14:44 | Create | Villager (Male) |
| 14:47 | Create | Villager (Male) |
| 14:47 | Create | Villager (Male) |
| 14:57 | Research | Double-Bit Axe |
| 15:37 | Build | Town Center |
| 15:40 | Create | Villager (Male) |
| 15:41 | Create | Villager (Male) |
| 16:39 | Create | Ballista Elephant |
| 16:42 | Create | Ballista Elephant |
| 16:43 | Create | Ballista Elephant |
| 16:54 | Create | Villager (Male) |
| 16:55 | Create | Villager (Male) |
| 16:55 | Create | Villager (Male) |
| 16:57 | Create | Villager (Male) |
| 16:59 | Create | Villager (Male) |
| 16:59 | Create | Villager (Male) |
| 17:00 | Create | Villager (Male) |
| 17:00 | Create | Villager (Male) |
| 17:05 | Create | Villager (Male) |
| 17:12 | Build | Farm |
| 17:12 | Build | Farm |
| 17:12 | Build | Farm |
| 17:16 | Research | Bow Saw |
| 17:16 | Research | Bow Saw |
| 18:04 | Build | Farm |
| 18:04 | Build | Farm |
| 18:04 | Build | Farm |
| 18:06 | Build | Farm |
| 18:17 | Create | Villager (Male) |
| 18:18 | Create | Villager (Male) |
| 18:24 | Build | House |
| 18:25 | Build | House |
| 18:27 | Build | House |
| 18:49 | Build | Farm |
| 18:54 | Build | House |
| 18:55 | Build | House |
| 18:57 | Build | House |
| 19:41 | Create | Villager (Male) |
| 19:41 | Create | Villager (Male) |
| 19:42 | Create | Villager (Male) |
| 19:44 | Create | Villager (Male) |
| 19:45 | Create | Villager (Male) |
| 19:46 | Create | Villager (Male) |
| 19:46 | Create | Villager (Male) |
| 19:46 | Create | Villager (Male) |
| 19:47 | Create | Villager (Male) |
| 19:50 | Create | Villager (Male) |
| 19:50 | Create | Villager (Male) |
| 19:50 | Create | Villager (Male) |
| 19:51 | Create | Villager (Male) |
| 21:08 | Create | Villager (Male) |
| 21:09 | Create | Villager (Male) |
| 21:09 | Create | Villager (Male) |
| 21:24 | Research | Imperial Age |
| 21:36 | Create | Villager (Male) |
| 21:36 | Create | Villager (Male) |
| 21:37 | Create | Villager (Male) |
| 21:47 | Build | Lumber Camp |
| 24:14 | Build | Farm |
| 24:17 | Build | Farm |
| 24:19 | Create | Villager (Male) |
| 24:20 | Create | Villager (Male) |
| 24:20 | Create | Villager (Male) |
| 24:29 | Create | Villager (Male) |
| 24:29 | Create | Villager (Male) |
| 24:29 | Create | Villager (Male) |
| 24:31 | Create | Villager (Male) |
| 24:43 | Age | Imperial Age |
| 24:45 | Create | Trebuchet (Packed) |
| 24:45 | Create | Trebuchet (Packed) |
| 24:54 | Build | Farm |
| 24:55 | Create | Villager (Male) |
| 24:56 | Create | Villager (Male) |
| 25:06 | Build | House |
| 25:06 | Build | House |
| 25:07 | Build | House |
| 25:17 | Build | House |
| 25:18 | Build | House |
| 25:21 | Build | House |
| 25:21 | Build | House |
| 25:23 | Build | House |
| 25:37 | Create | Villager (Male) |
| 25:37 | Create | Villager (Male) |
| 26:14 | Build | Castle |
| 26:19 | Build | Farm |
| 26:27 | Build | Farm |
| 26:35 | Build | Lumber Camp |
| 26:41 | Build | University |
| 26:52 | Build | Blacksmith |
| 27:01 | Build | Lumber Camp |
| 27:50 | Research | Elite Ballista Elephant (upgrade) |
| 28:03 | Build | Stable |
| 28:06 | Build | Stable |
| 28:07 | Build | Stable |
| 28:09 | Build | Stable |
| 28:17 | Build | Farm |
| 28:18 | Create | Villager (Male) |
| 28:18 | Create | Villager (Male) |
Build order — .SLAMPA
First 150 of 2759 actions detected
| 0:01 | Create | Villager (Male) |
| 0:01 | Create | Villager (Male) |
| 0:14 | Build | Mill |
| 0:19 | Build | Lumber Camp |
| 0:23 | Create | Villager (Male) |
| 0:38 | Create | Villager (Male) |
| 1:23 | Create | Villager (Male) |
| 1:45 | Create | Villager (Male) |
| 2:15 | Create | Villager (Male) |
| 2:18 | Create | Villager (Male) |
| 2:19 | Create | Villager (Male) |
| 2:19 | Create | Villager (Male) |
| 2:19 | Create | Villager (Male) |
| 3:16 | Create | Villager (Male) |
| 4:05 | Create | Villager (Male) |
| 4:06 | Create | Villager (Male) |
| 4:06 | Create | Villager (Male) |
| 5:19 | Research | Feudal Age |
| 5:19 | Research | Feudal Age |
| 5:36 | Build | Mining Camp |
| 5:39 | Build | Lumber Camp |
| 7:01 | Create | Villager (Male) |
| 7:02 | Create | Villager (Male) |
| 7:03 | Create | Villager (Male) |
| 7:36 | Age | Feudal Age |
| 7:37 | Build | Market |
| 7:42 | Build | Blacksmith |
| 8:40 | Build | Farm |
| 8:49 | Research | Castle Age |
| 8:49 | Research | Castle Age |
| 9:38 | Research | Double-Bit Axe |
| 10:57 | Create | Villager (Male) |
| 10:57 | Create | Villager (Male) |
| 11:29 | Age | Castle Age |
| 11:31 | Build | Town Center |
| 11:35 | Build | Town Center |
| 11:45 | Create | Villager (Male) |
| 11:56 | Research | Bow Saw |
| 12:26 | Research | Wheelbarrow |
| 12:27 | Research | Loom |
| 12:30 | Build | Farm |
| 12:37 | Research | Horse Collar |
| 12:39 | Create | Villager (Male) |
| 12:53 | Create | Villager (Male) |
| 12:53 | Create | Villager (Male) |
| 12:53 | Create | Villager (Male) |
| 12:58 | Build | Farm |
| 12:59 | Build | Farm |
| 13:05 | Create | Villager (Male) |
| 13:06 | Create | Villager (Male) |
| 13:06 | Create | Villager (Male) |
| 13:26 | Build | Farm |
| 13:26 | Build | Farm |
| 13:27 | Build | Farm |
| 13:27 | Build | Farm |
| 13:35 | Create | Villager (Male) |
| 13:41 | Build | Farm |
| 13:42 | Build | Farm |
| 13:50 | Create | Villager (Male) |
| 13:50 | Create | Villager (Male) |
| 13:56 | Build | Farm |
| 13:58 | Create | Villager (Male) |
| 13:59 | Create | Villager (Male) |
| 14:09 | Build | Farm |
| 14:11 | Build | Farm |
| 14:15 | Build | Farm |
| 14:18 | Create | Villager (Male) |
| 14:18 | Create | Villager (Male) |
| 14:21 | Create | Villager (Male) |
| 14:21 | Create | Villager (Male) |
| 14:25 | Build | Farm |
| 14:33 | Build | Farm |
| 14:37 | Create | Villager (Male) |
| 14:37 | Create | Villager (Male) |
| 14:41 | Build | Farm |
| 14:44 | Create | Villager (Male) |
| 14:45 | Create | Villager (Male) |
| 14:56 | Create | Villager (Male) |
| 14:57 | Create | Villager (Male) |
| 15:02 | Create | Villager (Male) |
| 15:03 | Create | Villager (Male) |
| 15:16 | Create | Villager (Male) |
| 15:17 | Create | Villager (Male) |
| 15:17 | Create | Villager (Male) |
| 15:17 | Create | Villager (Male) |
| 15:21 | Create | Villager (Male) |
| 15:47 | Create | Villager (Male) |
| 15:48 | Research | Wheelbarrow |
| 16:00 | Create | Villager (Male) |
| 16:02 | Create | Camel Archer |
| 16:04 | Create | Camel Archer |
| 16:12 | Research | Gold Mining |
| 16:12 | Research | Gold Mining |
| 16:13 | Create | Villager (Male) |
| 16:13 | Create | Villager (Male) |
| 16:20 | Build | Farm |
| 16:22 | Build | Farm |
| 16:38 | Create | Villager (Male) |
| 16:39 | Create | Villager (Male) |
| 16:39 | Create | Villager (Male) |
| 16:52 | Research | Fletching |
| 16:54 | Create | Camel Archer |
| 16:54 | Create | Camel Archer |
| 17:02 | Build | House |
| 17:03 | Build | House |
| 17:03 | Build | House |
| 17:03 | Build | House |
| 17:03 | Build | House |
| 17:03 | Build | House |
| 17:04 | Build | House |
| 17:08 | Create | Villager (Male) |
| 17:08 | Create | Villager (Male) |
| 17:09 | Create | Villager (Male) |
| 17:12 | Build | House |
| 17:12 | Build | House |
| 17:12 | Build | House |
| 17:12 | Build | House |
| 17:12 | Build | House |
| 17:29 | Create | Camel Archer |
| 17:29 | Create | Camel Archer |
| 17:33 | Create | Villager (Male) |
| 17:48 | Create | Villager (Male) |
| 17:49 | Create | Villager (Male) |
| 18:03 | Build | Farm |
| 18:04 | Build | Farm |
| 18:05 | Build | Farm |
| 18:06 | Build | Farm |
| 18:15 | Build | Farm |
| 18:17 | Create | Villager (Male) |
| 18:17 | Create | Villager (Male) |
| 18:17 | Create | Villager (Male) |
| 18:18 | Create | Villager (Male) |
| 18:18 | Create | Villager (Male) |
| 18:33 | Build | Stable |
| 18:36 | Build | Stable |
| 18:37 | Build | Stable |
| 18:39 | Build | House |
| 18:39 | Build | House |
| 18:39 | Build | House |
| 18:39 | Build | House |
| 18:43 | Build | House |
| 18:44 | Build | House |
| 18:44 | Build | House |
| 18:45 | Build | House |
| 18:46 | Research | Scale Barding Armor |
| 18:46 | Research | Forging |
| 18:49 | Research | Bodkin Arrow |
| 18:51 | Create | Camel Archer |
| 18:51 | Create | Camel Archer |
| 18:51 | Create | Camel Archer |
Build order — 546308830
First 150 of 1150 actions detected
| 0:02 | Create | Villager (Male) |
| 0:02 | Create | Villager (Male) |
| 0:02 | Create | Villager (Male) |
| 0:06 | Build | Lumber Camp |
| 0:24 | Create | Villager (Male) |
| 0:55 | Create | Villager (Male) |
| 0:55 | Create | Villager (Male) |
| 0:57 | Research | Loom |
| 1:03 | Create | Villager (Male) |
| 1:03 | Create | Villager (Male) |
| 1:20 | Build | Outpost |
| 1:32 | Build | Mill |
| 1:34 | Create | Villager (Male) |
| 1:35 | Create | Villager (Male) |
| 2:08 | Create | Villager (Male) |
| 2:09 | Create | Villager (Male) |
| 2:38 | Create | Villager (Male) |
| 2:38 | Create | Villager (Male) |
| 3:14 | Create | Villager (Male) |
| 3:27 | Create | Villager (Male) |
| 3:41 | Build | Farm |
| 3:44 | Build | Farm |
| 4:25 | Create | Villager (Male) |
| 4:34 | Create | Villager (Male) |
| 4:39 | Create | Villager (Male) |
| 4:40 | Create | Villager (Male) |
| 4:40 | Create | Villager (Male) |
| 4:40 | Create | Villager (Male) |
| 4:41 | Create | Villager (Male) |
| 4:41 | Create | Villager (Male) |
| 5:00 | Create | Villager (Male) |
| 5:17 | Build | Mining Camp |
| 5:34 | Build | Farm |
| 5:53 | Research | Feudal Age |
| 7:13 | Create | Villager (Male) |
| 8:03 | Age | Feudal Age |
| 8:07 | Build | Market |
| 8:09 | Build | Blacksmith |
| 8:32 | Create | Villager (Male) |
| 9:12 | Research | Castle Age |
| 9:43 | Research | Double-Bit Axe |
| 10:12 | Research | Stone Mining |
| 10:57 | Create | Villager (Male) |
| 11:30 | Create | Villager (Male) |
| 11:42 | Research | Fletching |
| 11:52 | Age | Castle Age |
| 11:59 | Create | Villager (Male) |
| 12:06 | Research | Bow Saw |
| 12:22 | Research | Horse Collar |
| 12:28 | Build | Farm |
| 12:34 | Create | Villager (Male) |
| 12:34 | Create | Villager (Male) |
| 13:08 | Create | Villager (Male) |
| 13:21 | Create | Villager (Male) |
| 13:37 | Create | Villager (Male) |
| 13:43 | Create | War Wagon |
| 14:12 | Create | Villager (Male) |
| 14:36 | Build | Castle |
| 14:45 | Research | Bodkin Arrow |
| 14:48 | Create | War Wagon |
| 14:48 | Create | War Wagon |
| 14:49 | Create | War Wagon |
| 14:55 | Create | Villager (Male) |
| 15:21 | Create | War Wagon |
| 15:21 | Create | War Wagon |
| 15:27 | Create | Villager (Male) |
| 16:02 | Create | Villager (Male) |
| 16:04 | Create | Villager (Male) |
| 16:08 | Create | War Wagon |
| 16:09 | Create | War Wagon |
| 16:12 | Create | Villager (Male) |
| 16:44 | Build | Siege Workshop |
| 16:54 | Create | War Wagon |
| 16:54 | Create | War Wagon |
| 16:57 | Create | Villager (Male) |
| 16:58 | Create | Villager (Male) |
| 16:58 | Create | Villager (Male) |
| 16:58 | Create | Villager (Male) |
| 16:58 | Create | Villager (Male) |
| 17:33 | Build | Lumber Camp |
| 18:09 | Create | Villager (Male) |
| 18:28 | Create | Villager (Male) |
| 18:28 | Create | Villager (Male) |
| 18:29 | Create | Villager (Male) |
| 18:29 | Create | Villager (Male) |
| 18:59 | Create | Villager (Male) |
| 19:10 | Build | Town Center |
| 19:37 | Create | Battering Ram |
| 19:43 | Create | Villager (Male) |
| 19:43 | Create | Villager (Male) |
| 20:04 | Create | War Wagon ×5 |
| 20:04 | Create | War Wagon ×5 |
| 20:25 | Research | Wheelbarrow |
| 21:25 | Create | War Wagon ×4 |
| 21:26 | Create | War Wagon ×4 |
| 21:37 | Create | Villager (Male) |
| 22:03 | Build | Farm |
| 22:04 | Build | Farm |
| 22:07 | Create | Villager (Male) |
| 22:07 | Create | Villager (Male) |
| 22:08 | Create | Villager (Male) |
| 22:08 | Create | Villager (Male) |
| 22:08 | Create | Villager (Male) |
| 22:41 | Create | Battering Ram |
| 23:08 | Research | Hand Cart |
| 23:49 | Create | War Wagon ×3 |
| 23:49 | Create | War Wagon ×3 |
| 24:31 | Create | War Wagon ×2 |
| 24:32 | Create | War Wagon ×2 |
| 24:58 | Create | Villager (Male) |
| 24:58 | Create | Villager (Male) |
| 24:59 | Create | Villager (Male) |
| 24:59 | Create | Villager (Male) |
| 24:59 | Create | Villager (Male) |
| 24:59 | Create | Villager (Male) |
| 25:00 | Create | Villager (Male) |
| 25:00 | Create | Villager (Male) |
| 25:00 | Create | Villager (Male) |
| 25:13 | Research | Gold Mining |
| 25:45 | Create | Villager (Male) |
| 25:47 | Create | Villager (Male) |
| 25:47 | Create | Villager (Male) |
| 26:15 | Build | University |
| 26:22 | Build | Archery Range |
| 26:26 | Create | Villager (Male) |
| 26:27 | Create | Villager (Male) |
| 26:27 | Create | Villager (Male) |
| 26:28 | Create | Villager (Male) |
| 26:28 | Create | Villager (Male) |
| 26:58 | Create | War Wagon |
| 26:58 | Create | War Wagon ×5 |
| 26:59 | Create | War Wagon ×5 |
| 26:59 | Create | War Wagon |
| 26:59 | Create | War Wagon |
| 27:38 | Create | War Wagon ×3 |
| 28:23 | Build | House |
| 28:24 | Build | House |
| 28:25 | Build | House |
| 29:15 | Create | Villager (Male) |
| 29:35 | Build | Town Center |
| 29:47 | Research | Imperial Age |
| 30:01 | Build | Barracks |
| 30:03 | Build | Barracks |
| 30:36 | Research | Ballistics |
| 31:30 | Build | Castle |
| 31:45 | Research | Masonry |
| 31:47 | Research | Fortified Wall (upgrade) |
| 32:03 | Build | Farm |
| 32:05 | Build | Farm |
| 32:08 | Create | War Wagon |
Match timeline
| 7:13 | Dvakin · age_up feudal |
| 7:36 | .SLAMPA · age_up feudal |
| 7:43 | Prutser · age_up feudal |
| 8:03 | 546308830 · age_up feudal |
| 8:09 | .SLAMPA · first_market_sell 100 wood |
| 8:12 | .SLAMPA · first_market_buy 100 food |
| 8:18 | HAHAHA · age_up feudal |
| 8:29 | HAHAHA · first_building Stable |
| 8:29 | 請給我木材 · age_up feudal |
| 8:53 | Prutser · first_market_sell 100 stone |
| 10:05 | Prutser · first_market_buy 100 wood |
| 11:29 | .SLAMPA · age_up castle |
| 11:52 | 546308830 · age_up castle |
| 12:09 | 請給我木材 · age_up castle |
| 12:13 | 請給我木材 · first_building Monastery |
| 12:47 | HAHAHA · age_up castle |
| 13:12 | Dvakin · age_up castle |
| 13:24 | Prutser · age_up castle |
| 14:36 | 546308830 · first_building Castle |
| 16:39 | Prutser · first_building Barracks |
| 16:44 | 546308830 · first_building Siege Workshop |
| 18:16 | Dvakin · first_building Monastery |
| 18:33 | .SLAMPA · first_building Stable |
| 23:24 | Dvakin · first_building Barracks |
| 23:55 | Dvakin · first_building Castle |
| 24:22 | HAHAHA · wall_segment Stone Wall x9 |
| 24:43 | 請給我木材 · age_up imperial |
| 24:45 | Dvakin · first_market_sell 100 wood |
| 25:07 | HAHAHA · wall_segment Stone Wall x8 |
| 25:30 | Dvakin · first_building Siege Workshop |
| 26:13 | HAHAHA · first_building Siege Workshop |
| 26:14 | 請給我木材 · first_building Castle |
| 26:22 | 546308830 · first_building Archery Range |
| 27:05 | HAHAHA · first_building Castle |
| 27:55 | Dvakin · wall_segment Stone Wall x6 |
| 28:03 | 請給我木材 · first_building Stable |
| 28:11 | Dvakin · age_up imperial |
| 28:31 | .SLAMPA · first_building Archery Range |
| 29:01 | .SLAMPA · first_building Castle |
| 29:42 | 546308830 · first_market_buy 100 food |
| 30:01 | 546308830 · first_building Barracks |
| 30:02 | .SLAMPA · first_building Monastery |
| 32:01 | HAHAHA · age_up imperial |
| 32:57 | 546308830 · age_up imperial |
| 33:01 | 546308830 · wall_segment Stone Wall x7 |
| 34:18 | Dvakin · first_building Archery Range |
| 35:03 | 請給我木材 · wall_segment Stone Wall x26 |
| 35:10 | 請給我木材 · wall_segment Stone Wall x14 |
| 35:31 | 請給我木材 · first_building Barracks |
| 35:39 | 546308830 · first_market_sell 100 wood |
| 36:32 | .SLAMPA · age_up imperial |
| 37:03 | 546308830 · wall_segment Stone Wall x5 |
| 37:47 | HAHAHA · wall_segment Stone Wall x1 |
| 38:45 | Prutser · first_building Castle |
| 42:18 | 546308830 · wall_segment Stone Wall x7 |
| 43:22 | HAHAHA · wall_segment Stone Wall x8 |
| 44:52 | Prutser · age_up imperial |
| 44:58 | 546308830 · first_building Stable |
| 46:19 | HAHAHA · wall_segment Stone Wall x6 |
| 47:25 | HAHAHA · wall_segment Stone Wall x7 |
| 48:41 | .SLAMPA · first_building Siege Workshop |
| 54:10 | HAHAHA · first_building Barracks |
| 59:27 | HAHAHA · first_market_buy 100 stone |
| 62:56 | Dvakin · first_market_buy 100 stone |
| 68:37 | 546308830 · wall_segment Stone Wall x1 |
| 68:40 | 546308830 · wall_segment Stone Wall x5 |
| 68:43 | 546308830 · wall_segment Stone Wall x4 |
| 71:43 | HAHAHA · wall_segment Stone Wall x10 |
| 72:49 | 請給我木材 · first_market_sell 500 food |
| 75:06 | HAHAHA · wall_segment Stone Wall x8 |
| 75:10 | HAHAHA · wall_segment Stone Wall x14 |
| 76:11 | Dvakin · first_building Stable |
| 78:04 | HAHAHA · wall_segment Stone Wall x2 |
| 78:59 | HAHAHA · wall_segment Stone Wall x3 |
| 80:09 | Dvakin · tribute_sent a jugador 2 |
| 80:09 | Dvakin · tribute_sent a jugador 3 |
| 80:09 | Dvakin · tribute_sent a jugador 4 |
| 80:09 | Dvakin · tribute_sent a jugador 5 |
| 80:09 | Dvakin · tribute_sent a jugador 6 |
| 81:30 | HAHAHA · first_market_sell 100 wood |
| 82:12 | .SLAMPA · tribute_sent a jugador 1 |
| 82:12 | .SLAMPA · tribute_sent a jugador 2 |
| 82:12 | .SLAMPA · tribute_sent a jugador 3 |
| 82:12 | .SLAMPA · tribute_sent a jugador 4 |
| 82:12 | .SLAMPA · tribute_sent a jugador 6 |
| 84:50 | .SLAMPA · tribute_sent a jugador 1 |
| 84:50 | .SLAMPA · tribute_sent a jugador 2 |
| 84:50 | .SLAMPA · tribute_sent a jugador 3 |
| 84:50 | .SLAMPA · tribute_sent a jugador 4 |
| 84:50 | .SLAMPA · tribute_sent a jugador 6 |
| 89:19 | HAHAHA · wall_segment Stone Wall x2 |
| 89:55 | 請給我木材 · wall_segment Stone Wall x27 |
| 90:16 | HAHAHA · wall_segment Stone Wall x2 |
| 92:36 | HAHAHA · wall_segment Stone Wall x1 |
| 95:12 | Dvakin · wall_segment Stone Wall x16 |
| 108:55 | HAHAHA · wall_segment Stone Wall x1 |
| 109:32 | .SLAMPA · tribute_sent a jugador 1 |
| 109:32 | .SLAMPA · tribute_sent a jugador 2 |
| 109:32 | .SLAMPA · tribute_sent a jugador 3 |
| 109:32 | .SLAMPA · tribute_sent a jugador 4 |
| 109:32 | .SLAMPA · tribute_sent a jugador 6 |
| 109:55 | HAHAHA · wall_segment Stone Wall x1 |
| 110:00 | 請給我木材 · wall_segment Stone Wall x9 |
| 110:04 | 請給我木材 · wall_segment Stone Wall x12 |
| 116:33 | HAHAHA · wall_segment Stone Wall x3 |
| 116:35 | HAHAHA · wall_segment Stone Wall x9 |
| 116:39 | HAHAHA · wall_segment Stone Wall x12 |
| 118:36 | 546308830 · wall_segment Stone Wall x10 |
| 121:58 | .SLAMPA · tribute_sent a jugador 1 |
| 121:58 | .SLAMPA · tribute_sent a jugador 2 |
| 121:58 | .SLAMPA · tribute_sent a jugador 3 |
| 121:58 | .SLAMPA · tribute_sent a jugador 4 |
| 121:58 | .SLAMPA · tribute_sent a jugador 6 |
| 122:30 | 546308830 · resign |
[ AI ANALYSIS · 1 CREDIT ]
What really happened in this match?
Wolo.gg analyzes every decision: build order, eco, micro, common mistakes by bracket. Personalized analysis on WhatsApp or Discord in 30 seconds.
Civ guide
Britons
Perfil
Jugador #1093506